Map: [ESL] NeoHumanity

Players

MaxPax - Winner!

  • Race: Protoss Protoss
  • Spawn Location: 5:00

Spirit

  • Race: Terran Terran
  • Spawn Location: 11:00

Event: ESL SC2 Masters 2023 Summer (Regionals)

VOD

Have the link to the VOD?

Description

Time

  • Played on: May 21, 2023, 1:27 p.m.
  • Length: 13:51

All games in this series

Show
View Real Time Build Order
Export as new Build Order

MaxPax Protoss - Winner!

Build Orders: 1 Gate Expand, Zealot Archon, Archon Drop, Dark Templar Rush 

Get SALT Encoding   

  12  0:00  Probe  
  13  0:12  Probe  
  14  0:17  Pylon  
  14  0:24  Probe (Chrono Boost)  
  16  0:36  Probe (Chrono Boost)  
  16  0:37  Gateway  
  16  0:43  Probe (Chrono Boost)  
  16  0:45  Assimilator  
  17  0:51  Probe  
  18  1:03  Probe  
  19  1:15  Probe  
  20  1:23  Cybernetics Core  
  22  1:31  Nexus  
  20  1:34  Probe  
  21  1:41  Pylon  
  21  1:46  Probe  
  22  1:50  Assimilator  
  22  1:57  Adept (Chrono Boost)  
  22  1:58  Probe  
  25  2:01  Warp Gate  
  25  2:10  Probe  
  26  2:17  Adept (Chrono Boost)  
  26  2:22  Probe  
  29  2:27  Twilight Council  
  29  2:34  Probe  
  30  2:44  Probe (Chrono Boost)  
  31  2:49  Probe (Chrono Boost)  
  32  2:56  Probe (Chrono Boost), Robotics Facility  
  33  3:03  Probe (Chrono Boost)  
  33  3:04  Probe (Chrono Boost)  
  35  3:06  Gateway  
  35  3:10  Probe  
  35  3:11  Probe  
  37  3:14  Dark Shrine  
  37  3:22  Probe, Gateway  
  37  3:23  Probe  
  39  3:33  Pylon  
  39  3:34  Probe  
  39  3:35  Probe  
  41  3:41  Warp Prism (Chrono Boost)  
  41  3:44  Assimilator  
  41  3:46  Probe  
  41  3:47  Probe  
  43  3:59  Probe  
  45  4:04  Nexus  
  45  4:07  Probe, Pylon  
  45  4:12  Probe  
  46  4:20  Probe  
  46  4:24  Probe  
  48  4:29  Dark Templar x3  
  54  4:32  Probe, Blink (Chrono Boost)  
  54  4:37  Probe  
  56  4:44  Probe, Pylon  
  57  4:50  Probe  
  56  4:53  Forge  
  56  4:56  Probe  
  57  5:00  Archon  
  57  5:01  Pylon  
  57  5:02  Probe  
  57  5:03  Pylon  
  58  5:08  Probe, Dark Templar x2  
  58  5:11  Protoss Ground Weapons Level 1 (Chrono Boost)  
  58  5:12  Archon  
  63  5:14  Probe  
  63  5:16  Probe  
  63  5:20  Probe  
  66  5:26  Probe  
  67  5:28  Probe  
  67  5:33  Probe  
  69  5:38  Probe  
  69  5:40  Probe  
  69  5:42  Stalker x3  
  77  5:44  Gateway  
  77  5:47  Probe  
  77  5:49  Gateway, Assimilator  
  78  5:50  Gateway, Assimilator  
  78  5:51  Probe  
  78  5:53  Probe  
  80  5:58  Pylon  
  80  5:59  Pylon  
  80  6:00  Probe  
  81  6:05  Stalker x3  
  81  6:09  Observer  
  88  6:13  Probe  
  89  6:20  Probe, Charge (Chrono Boost)  
  89  6:22  Gateway  
  89  6:23  Gateway  
  90  6:25  Nexus  
  90  6:30  Stalker x2  
  94  6:33  Zealot  
  96  6:43  Robotics Bay  
  96  6:48  Protoss Ground Weapons Level 2 (Chrono Boost)  
  94  6:56  Zealot x3  
  94  6:57  Zealot x3  
  94  6:58  Probe, Pylon  
  107  7:02  Probe  
  107  7:06  Probe, Photon Cannon  
  109  7:13  Forge  
  109  7:16  Pylon, Zealot, Sentry  
  109  7:17  Zealot x3  
  119  7:23  Zealot x3  
  125  7:33  Extended Thermal Lance  
  125  7:34  Probe  
  126  7:40  Zealot x5  
  136  7:48  Zealot x3  
  138  7:55  Colossus (Chrono Boost)  
  122  8:05  Probe  
  113  8:07  Probe  
  113  8:12  Zealot x8  
  110  8:13  Probe x2  
  110  8:17  Probe  
  110  8:19  Probe  
  120  8:21  Gateway  
  120  8:25  Probe x2  
  120  8:27  Gateway  
  120  8:29  Photon Cannon, Shield Battery  
  120  8:31  Probe x2, Protoss Ground Armor Level 1 (Chrono Boost)  
  122  8:34  Colossus (Chrono Boost)  
  122  8:40  Robotics Facility  
  128  8:42  Pylon, Shadow Stride  
  128  8:43  Zealot, Sentry  
  132  8:48  Shield Battery  
  132  8:51  Pylon  
  132  8:58  Zealot x5  
  142  9:04  Photon Cannon  
  134  9:11  Zealot x3  
  134  9:13  Colossus (Chrono Boost)  
  140  9:20  Stalker x4  
  140  9:22  Stalker  
  138  9:27  Dark Templar  
  138  9:28  Zealot  
  143  9:34  Stalker  
  143  9:36  Probe, Disruptor (Chrono Boost)  
  142  9:40  Zealot x2  
  146  9:45  Stalker x2  
  146  9:46  Stalker  
  146  9:48  Dark Templar  
  146  9:51  Nexus  
  139  10:03  Probe x2  
  139  10:05  Probe  
  139  10:06  Disruptor (Chrono Boost)  
  145  10:08  Disruptor (Chrono Boost)  
  145  10:11  Zealot x8  
  161  10:16  Photon Cannon  
  161  10:24  Probe  
  161  10:27  Probe x2  
  164  10:29  Observer  
  164  10:36  Protoss Ground Armor Level 2 (Chrono Boost)  
  164  10:40  Protoss Ground Weapons Level 3 (Chrono Boost)  
  164  10:41  Nexus  
  164  10:43  Pylon  
  164  10:48  Pylon  
  164  10:50  Pylon  
  164  10:52  Pylon  
  164  11:01  Probe, Disruptor (Chrono Boost)  
  164  11:03  Zealot x6  
  164  11:04  Zealot x2  
  187  11:07  Shield Battery  
  187  11:08  Disruptor (Chrono Boost)  
  187  11:10  Pylon, Dark Templar x2  
  187  11:20  Probe  
  187  11:21  Probe  
  187  11:22  Unknown  
  189  11:26  Zealot x4  
  189  11:27  Zealot  
  199  11:36  Disruptor  
  200  11:44  Disruptor  
  200  11:46  Zealot  
  171  12:12  Disruptor  
  171  12:13  Zealot x10  
  190  12:19  Probe  
  190  12:20  Probe x2  
  190  12:22  Photon Cannon  
  191  12:24  Shield Battery  
  191  12:26  Photon Cannon  
  191  12:29  Pylon  
  187  12:31  Gateway  
  187  12:33  Gateway  
  176  12:43  Disruptor (Chrono Boost)  
  150  12:46  Zealot x10  
  158  12:58  Probe x3  
  157  13:03  Gateway x2  
  157  13:04  Colossus (Chrono Boost)  
  153  13:06  Photon Cannon  
  153  13:08  Dark Templar x9  
  153  13:09  Pylon  
  167  13:16  Observer (Chrono Boost)  
  168  13:32  Zealot x3  
Show
View Real Time Build Order
Export as new Build Order

Spirit Terran 

Build Orders:  

Get SALT Encoding   

  12  0:00  SCV  
  13  0:12  SCV  
  14  0:17  Supply Depot  
  14  0:24  SCV  
  15  0:38  SCV  
  15  0:40  Barracks  
  16  0:50  SCV  
  16  0:52  Refinery  
  17  1:03  SCV  
  18  1:15  SCV  
  19  1:28  Orbital Command, Marine  
  20  1:47  Barracks Reactor  
  20  1:49  Command Center  
  20  1:50  Supply Depot  
  20  1:54  SCV  
  21  2:06  SCV  
  22  2:18  SCV  
  22  2:22  Command Center  
  23  2:23  Marine  
  23  2:24  Marine  
  25  2:30  SCV  
  25  2:36  Factory  
  26  2:42  Marine  
  26  2:43  SCV, Marine  
  28  2:55  SCV  
  29  3:02  Orbital Command  
  29  3:04  Bunker  
  29  3:07  SCV, Marine  
  29  3:09  Marine  
  32  3:19  SCV  
  33  3:21  Barracks, Factory Tech Lab  
  33  3:28  SCV  
  33  3:31  SCV  
  35  3:36  Orbital Command  
  35  3:40  SCV  
  36  3:42  Siege Tank  
  36  3:46  Refinery  
  39  3:49  SCV  
  39  3:51  Marine  
  39  3:53  SCV  
  42  3:56  Engineering Bay  
  42  3:59  Marine  
  42  4:01  SCV  
  44  4:04  SCV  
  44  4:05  SCV  
  44  4:08  Barracks Tech Lab  
  44  4:09  Marine  
  47  4:13  SCV  
  47  4:16  SCV  
  47  4:17  Marine, SCV  
  49  4:18  Siege Tank  
  54  4:24  Missile Turret  
  54  4:25  SCV  
  54  4:27  Marine  
  54  4:29  Marine  
  54  4:30  SCV  
  58  4:32  SCV  
  59  4:39  SCV  
  59  4:41  Stimpack, Supply Depot  
  59  4:43  SCV  
  60  4:48  Missile Turret  
  60  4:52  SCV  
  60  4:58  Marine  
  61  5:02  Marine  
  61  5:03  SCV, Cyclone  
  61  5:06  Refinery  
  66  5:07  Supply Depot  
  66  5:09  SCV x2  
  66  5:12  Refinery  
  66  5:13  Marine  
  69  5:16  Marine  
  69  5:19  SCV  
  69  5:20  Barracks  
  71  5:21  SCV  
  71  5:22  Marine  
  71  5:25  SCV  
  71  5:26  Engineering Bay  
  74  5:33  SCV, Marauder  
  74  5:34  Marine  
  74  5:40  Marine  
  75  5:44  Starport  
  75  5:46  Orbital Command  
  75  5:48  Barracks  
  74  5:50  SCV x2  
  74  5:53  Terran Infantry Weapons Level 1  
  74  5:54  Barracks, Terran Infantry Armor Level 1  
  74  5:55  Marauder  
  74  5:56  Factory Reactor  
  77  6:00  Marine  
  77  6:02  SCV  
  79  6:06  SCV  
  79  6:11  Supply Depot  
  80  6:12  Supply Depot  
  80  6:14  SCV  
  80  6:15  Marine  
  80  6:16  Marauder  
  85  6:20  Marine  
  85  6:25  Combat Shield  
  85  6:26  Concussive Shells, Supply Depot  
  85  6:32  SCV x2, Marauder  
  89  6:33  Marine  
  89  6:38  Marauder, Barracks Reactor, Marine  
  93  6:42  Factory Reactor  
  93  6:43  Medivac  
  93  6:44  SCV x2  
  94  6:51  Marine  
  93  6:54  Marauder, Medivac  
  93  6:56  SCV x2, Marine  
  93  6:59  Marauder  
  93  7:01  Barracks Tech Lab  
  97  7:06  Orbital Command  
  97  7:08  SCV  
  97  7:09  Marine  
  97  7:14  Supply Depot  
  97  7:15  Marauder, Medivac  
  103  7:17  Marine, Supply Depot  
  103  7:20  Marauder  
  105  7:24  Marine, Medivac  
  105  7:25  Marauder, Marine  
  105  7:27  SCV  
  112  7:37  Marauder  
  116  7:38  Supply Depot  
  116  7:41  Marine, Supply Depot  
  116  7:42  Marauder, Armory  
  116  7:43  Bunker, Missile Turret, Marine  
  118  7:44  SCV  
  118  7:46  Marine  
  118  7:47  Marine  
  118  7:49  SCV x2, Marine  
  120  7:55  Medivac x2  
  120  7:56  SCV  
  120  7:58  Marauder  
  112  7:59  Marine  
  112  8:01  Marine  
  112  8:02  Marine  
  112  8:03  SCV  
  112  8:04  Marine  
  108  8:05  Marine  
  108  8:06  SCV  
  108  8:07  Marine  
  108  8:11  SCV  
  105  8:15  SCV  
  105  8:17  Marine  
  105  8:19  Marine x2, SCV  
  108  8:21  Widow Mine x2  
  108  8:23  SCV  
  108  8:25  Medivac x2  
  117  8:28  SCV  
  117  8:29  Refinery x2  
  117  8:31  SCV, Marine  
  117  8:32  Marauder x2  
  124  8:35  SCV  
  124  8:36  Ghost Academy  
  124  8:38  Marine x4  
  124  8:40  SCV  
  130  8:42  Widow Mine x2  
  130  8:45  SCV  
  135  8:49  Marine  
  135  8:52  Command Center  
  135  8:55  Terran Infantry Weapons Level 2  
  136  8:56  Marine, Marauder  
  136  8:59  Marine  
  136  9:00  Supply Depot x2  
  140  9:04  Viking x2  
  143  9:10  Marine x4  
  143  9:14  Marine  
  144  9:19  Marine  
  144  9:20  Marine  
  131  9:28  Marine x4  
  134  9:31  Marine  
  134  9:37  Marine x2  
  132  9:42  Command Center  
  120  9:45  Marine  
  120  9:46  Marine x2  
  120  9:47  Medivac  
  120  9:48  Marine, Medivac  
  120  9:51  Marine  
  123  9:54  Marine  
  123  9:58  Marine  
  122  10:03  Marine x2  
  124  10:10  SCV x3  
  127  10:15  Terran Infantry Armor Level 2  
  127  10:17  Medivac  
  127  10:19  Medivac  
  127  10:22  SCV x3  
  127  10:25  Ghost  
  130  10:32  Ghost  
  130  10:34  SCV x3  
  135  10:39  Marine x4  
  135  10:42  Ghost  
  139  10:45  Widow Mine x2  
  139  10:46  SCV x2  
  146  10:50  Terran Ship Weapons Level 1  
  146  10:54  Marine  
  147  10:57  Marine  
  147  10:58  SCV  
  147  11:00  Marine  
  147  11:01  Marine, Marauder  
  152  11:05  Sensor Tower  
  152  11:07  SCV  
  152  11:09  Viking  
  154  11:12  Marauder x2, Viking  
  154  11:14  Marine  
  154  11:15  Missile Turret  
  154  11:17  Missile Turret  
  160  11:20  SCV  
  160  11:21  Planetary Fortress  
  160  11:22  Marine  
  160  11:23  Marauder  
  164  11:29  Refinery  
  164  11:31  Refinery  
  164  11:32  SCV  
  165  11:33  Marauder, SCV x2  
  165  11:38  Marine  
  165  11:39  Factory Tech Lab  
  166  11:41  Viking  
  166  11:42  Marine, Viking  
  166  11:46  Marine  
  167  11:49  Marine  
  167  11:51  Marine  
  167  11:52  Marauder  
  169  11:54  Marine  
  163  12:02  Marine  
  163  12:04  Marine  
  156  12:24  Supply Depot x2  
  156  12:25  Supply Depot  
  156  12:26  Supply Depot  
  156  12:34  Marine, Viking x2, Ghost  
  156  12:35  Starport, Ghost x2  
  156  12:36  Marine  
  138  12:37  Fusion Core  
  138  12:39  Marine  
  138  12:43  Marine  
  108  12:48  SCV  
  105  12:52  Marine  
  105  12:54  Marine  
  105  12:56  Marine  
  102  12:58  SCV  
  102  13:01  Marine, SCV x3  
  102  13:03  Marauder, Ghost  
  102  13:04  Marauder  
  112  13:10  SCV  
  112  13:13  SCV x3  
  112  13:17  Sensor Tower  
  113  13:23  SCV  
  113  13:24  Marine  
  113  13:25  Marauder, SCV x2  
  113  13:26  Marine  
  119  13:27  Marine  
  119  13:28  Marine  
Tags
 
Add a new tag
Caveats
  • Supply blocks, unpowered buildings, or Contaminate may cause inaccurate times.
  • Supply counts are checked every 10 seconds.